2963 views
Uploaded 2020-02-05 21:57:50
Game version 1.32 / 1.32.1
3:53 long 4on4 ladder game on (8)Battleground_LV
Saved by BEARAND
2963 views
Uploaded 2020-02-05 21:57:50
Game version 1.32 / 1.32.1
3:53 long 4on4 ladder game on (8)Battleground_LV


53 units @ 4.5k
/ 0.1k
36 buildings @ 3.4k
/ 1.1k

| Healing Salve | 1 | 100 |
| total: | 1 | 100g |
| Peon | 12 | 900 | / | 0 |
| total: | 12 | 900g | / | 0w |
| Watch Tower | 3 | 330 | / | 240 |
| Altar of Storms | 1 | 180 | / | 50 |
| Orc Burrow | 2 | 320 | / | 80 |
| War Mill | 1 | 205 | / | 0 |
| Voodoo Lounge | 1 | 130 | / | 30 |
| total: | 8 | 1165g | / | 400w |
| 0:02 | Peon |
| 0:02 | Peon |
| 0:04 | Altar of Storms |
| 0:18 | Orc Burrow |
| 0:23 | Peon |
| 0:43 | Peon |
| 0:48 | War Mill |
| 0:59 | Voodoo Lounge |
| 1:03 | Peon |
| 1:20 | Peon |
| 1:29 | Orc Burrow |
| 1:35 | Peon |
| 1:50 | Peon |
| 2:00 | Watch Tower |
| 2:05 | Peon |
| 2:16 | Wind Walk |
| 2:21 | Watch Tower |
| 2:24 | Healing Salve |
| 2:31 | Peon |
| 2:44 | Peon |
| 2:59 | Watch Tower |
| 3:21 | Peon |
| Right click | 192 |
| Select | 57 |
| Build/train/purchase | 17 |
| Minimap ping | 4 |
| Assign group | 3 |
| Select group | 3 |

| Lesser Clarity Potion | 1 | 70 |
| Healing Salve | 1 | 100 |
| total: | 2 | 170g |
| Peasant | 13 | 975 | / | 0 |
| total: | 13 | 975g | / | 0w |
| Scout Tower | 5 | 150 | / | 100 |
| Arcane Tower | 1 | 70 | / | 50 |
| Guard Tower | 2 | 140 | / | 100 |
| Altar of Kings | 1 | 180 | / | 50 |
| Farm | 3 | 240 | / | 60 |
| Lumber Mill | 2 | 240 | / | 0 |
| total: | 11 | 810g | / | 210w |
| 0:02 | Altar of Kings |
| 0:05 | Peasant |
| 0:05 | Peasant |
| 0:27 | Farm |
| 0:48 | Peasant |
| 0:59 | Scout Tower |
| 1:01 | Peasant |
| 1:07 | Farm |
| 1:10 | Peasant |
| 1:22 | Blizzard |
| 1:27 | Lumber Mill |
| 1:29 | Peasant |
| 1:36 | Scout Tower |
| 1:45 | Peasant |
| 1:45 | Peasant |
| 2:12 | Arcane Tower |
| 2:15 | Peasant |
| 2:15 | Peasant |
| 2:27 | Scout Tower |
| 2:30 | Scout Tower |
| 2:33 | Guard Tower |
| 2:35 | Scout Tower |
| 2:38 | Peasant |
| 2:58 | Lumber Mill |
| 3:15 | Peasant |
| 3:15 | Peasant |
| 3:23 | Guard Tower |
| 3:31 | Farm |
| 3:47 | Lesser Clarity Potion |
| 3:47 | Healing Salve |
| Right click | 132 |
| Select group | 57 |
| Select | 40 |
| Build/train/purchase | 28 |
| Assign group | 14 |
| Use ability | 5 |
| Misc. action | 3 |
| Esc | 1 |

| Peasant | 15 | 1125 | / | 0 |
| total: | 15 | 1125g | / | 0w |
| Scout Tower | 6 | 180 | / | 120 |
| Arcane Tower | 1 | 70 | / | 50 |
| Guard Tower | 2 | 140 | / | 100 |
| Altar of Kings | 1 | 180 | / | 50 |
| Farm | 2 | 160 | / | 40 |
| Lumber Mill | 1 | 120 | / | 0 |
| total: | 10 | 640g | / | 210w |
| 0:02 | Peasant |
| 0:02 | Peasant |
| 0:07 | Altar of Kings |
| 0:16 | Peasant |
| 0:18 | Farm |
| 0:23 | Peasant |
| 0:34 | Farm |
| 0:43 | Peasant |
| 0:52 | Scout Tower |
| 0:54 | Scout Tower |
| 0:56 | Peasant |
| 1:04 | Lumber Mill |
| 1:10 | Peasant |
| 1:26 | Scout Tower |
| 1:39 | Peasant |
| 1:42 | Arcane Tower |
| 1:49 | Scout Tower |
| 2:00 | Peasant |
| 2:00 | Peasant |
| 2:10 | Blizzard |
| 2:39 | Guard Tower |
| 2:40 | Scout Tower |
| 2:42 | Peasant |
| 2:42 | Peasant |
| 2:43 | Peasant |
| 3:25 | Peasant |
| 3:26 | Peasant |
| 3:31 | Guard Tower |
| 3:33 | Scout Tower |
| 3:50 | Brilliance Aura |
| Right click | 136 |
| Select | 63 |
| Build/train/purchase | 34 |
| Select group | 31 |
| Chat | 16 |
| Misc. action | 9 |
| Assign group | 6 |
| Use ability | 4 |
| Minimap ping | 1 |

| Peasant | 6 | 450 | / | 0 |
| Footman | 5 | 675 | / | 0 |
| Rifleman | 2 | 410 | / | 60 |
| total: | 13 | 1535g | / | 60w |
| Altar of Kings | 1 | 180 | / | 50 |
| Barracks | 1 | 160 | / | 60 |
| Farm | 4 | 320 | / | 80 |
| Blacksmith | 1 | 140 | / | 60 |
| total: | 7 | 800g | / | 250w |
| 0:14 | Altar of Kings |
| 0:15 | Peasant |
| 0:19 | Peasant |
| 0:32 | Peasant |
| 0:49 | Barracks |
| 0:52 | Farm |
| 0:58 | Peasant |
| 1:36 | Farm |
| 1:39 | Peasant |
| 1:40 | Peasant |
| 2:01 | Footman |
| 2:02 | Footman |
| 2:12 | Blacksmith |
| 2:17 | Footman |
| 2:24 | Farm |
| 2:45 | Summon Water Elemental |
| 3:13 | Footman |
| 3:14 | Footman |
| 3:38 | Rifleman |
| 3:39 | Rifleman |
| 3:47 | Farm |
| Select | 38 |
| Right click | 29 |
| Build/train/purchase | 16 |
| Misc. action | 7 |
| Chat | 5 |
40 units @ 3.5k
/ 0.1k
26 buildings @ 3.9k
/ 1.1k

| Peasant | 9 | 675 | / | 0 |
| total: | 9 | 675g | / | 0w |
| Scout Tower | 1 | 30 | / | 20 |
| Altar of Kings | 1 | 180 | / | 50 |
| Lumber Mill | 1 | 120 | / | 0 |
| Farm | 2 | 160 | / | 40 |
| Barracks | 1 | 160 | / | 60 |
| total: | 6 | 650g | / | 170w |
| 0:03 | Peasant |
| 0:08 | Altar of Kings |
| 0:23 | Peasant |
| 0:35 | Peasant |
| 1:04 | Lumber Mill |
| 1:07 | Peasant |
| 1:09 | Peasant |
| 1:19 | Farm |
| 1:32 | Peasant |
| 1:41 | Barracks |
| 2:15 | Peasant |
| 2:15 | Peasant |
| 2:44 | Scout Tower |
| 2:52 | Farm |
| 3:06 | Peasant |
| 3:16 | Flame Strike |
| Right click | 55 |
| Select | 49 |
| Build/train/purchase | 14 |
| Esc | 3 |
| Misc. action | 2 |
| Assign group | 1 |
| Use ability | 1 |

| Peasant | 3 | 225 | / | 0 |
| Footman | 3 | 405 | / | 0 |
| total: | 6 | 630g | / | 0w |
| Barracks | 2 | 320 | / | 120 |
| Farm | 2 | 160 | / | 40 |
| Altar of Kings | 1 | 180 | / | 50 |
| Lumber Mill | 1 | 120 | / | 0 |
| Blacksmith | 1 | 140 | / | 60 |
| total: | 7 | 920g | / | 270w |
| 0:04 | Barracks |
| 0:06 | Barracks |
| 0:08 | Farm |
| 0:10 | Altar of Kings |
| 0:20 | Lumber Mill |
| 0:53 | Peasant |
| 1:12 | Peasant |
| 1:24 | Peasant |
| 1:55 | Footman |
| 1:56 | Footman |
| 2:15 | Blacksmith |
| 2:35 | Footman |
| 2:40 | Farm |
| 2:51 | Summon Water Elemental |
| Select | 59 |
| Right click | 31 |
| Build/train/purchase | 8 |

| Wisp | 17 | 1020 | / | 0 |
| Archer | 2 | 260 | / | 20 |
| total: | 19 | 1280g | / | 20w |
| Altar of Elders | 1 | 180 | / | 50 |
| Moon Well | 3 | 540 | / | 120 |
| Ancient of War | 1 | 150 | / | 60 |
| Hunter's Hall | 2 | 420 | / | 200 |
| total: | 7 | 1290g | / | 430w |
| 0:03 | Wisp |
| 0:03 | Wisp |
| 0:08 | Altar of Elders |
| 0:10 | Wisp |
| 0:15 | Moon Well |
| 0:33 | Wisp |
| 0:43 | Wisp |
| 1:02 | Ancient of War |
| 1:16 | Wisp |
| 1:17 | Wisp |
| 1:17 | Wisp |
| 2:10 | Mana Burn |
| 2:22 | Wisp |
| 2:22 | Wisp |
| 2:23 | Wisp |
| 2:25 | Moon Well |
| 2:47 | Archer |
| 2:49 | Moon Well |
| 3:12 | Archer |
| 3:22 | Hunter's Hall |
| 3:26 | Hunter's Hall |
| 3:31 | Wisp |
| 3:31 | Wisp |
| 3:31 | Wisp |
| 3:31 | Wisp |
| 3:32 | Wisp |
| 3:33 | Wisp |
| Right click | 177 |
| Select | 61 |
| Select group | 24 |
| Build/train/purchase | 21 |
| Use ability | 8 |
| Assign group | 6 |

| Rod of Necromancy | 1 | 150 |
| total: | 1 | 150g |
| Acolyte | 2 | 150 | / | 0 |
| Ghoul | 1 | 120 | / | 0 |
| Crypt Fiend | 3 | 645 | / | 120 |
| total: | 6 | 915g | / | 120w |
| Nerubian Tower | 1 | 100 | / | 20 |
| Altar of Darkness | 1 | 180 | / | 50 |
| Crypt | 1 | 200 | / | 50 |
| Ziggurat | 2 | 300 | / | 100 |
| Graveyard | 1 | 215 | / | 0 |
| Tomb of Relics | 1 | 130 | / | 30 |
| total: | 6 | 1025g | / | 230w |
| 0:02 | Acolyte |
| 0:10 | Altar of Darkness |
| 0:14 | Crypt |
| 0:21 | Acolyte |
| 0:36 | Ziggurat |
| 1:00 | Graveyard |
| 1:15 | Ghoul |
| 1:38 | Tomb of Relics |
| 2:04 | Ziggurat |
| 2:25 | Sleep |
| 2:27 | Crypt Fiend |
| 2:40 | Crypt Fiend |
| 2:43 | Rod of Necromancy |
| 2:58 | Nerubian Tower |
| 3:18 | Crypt Fiend |
| Right click | 49 |
| Select | 49 |
| Build/train/purchase | 14 |
| Select group | 9 |
| Misc. action | 7 |
| Assign group | 4 |
| Use ability | 1 |
โ